AoeStats
← Snakett

Oasis

509558396Analyzed
2v2 RM · 4d ago on Sep 27, 2026· 44m 18s· 4 players
Game mode
Random Map
Map size
Medium (4 player)
Population
200
Speed
Normal
Resources
Standard
Victory
Conquest
Starting age
Dark Age
Ending age
Imperial Age
RankedLock teamsTeams togetherTeam positionsShared explorationLock speedFull tech treeHidden civsTurbo modeCheats
Victory
Defeat
🇵🇪 Spanish · Peru
1041
+15
🇵🇪 Franks · Peru
1040
+15
🇫🇷 Lithuanians · France
1082
-18
🇫🇷 Japanese · France
948
-12
Fleysh
9:37 Feudal Age
7:54 Loom
26:47 Castle Age
25:01 Double-Bit Axe
25:29 Horse Collar
27:16 Padded Archer Armor
27:06 Fletching
27:17 Scale Mail Armor
27:27 Forging
28:01 Pikeman
28:05 Elite Skirmisher
29:20 Squires
30:24 Heavy Plow
31:14 Wheelbarrow
33:20 Scale Barding Armor
33:32 Leather Archer Armor
33:13 Bodkin Arrow
33:34 Chain Mail Armor
33:54 Iron Casting
35:35 Chain Barding Armor
36:15 Husbandry
36:26 Bloodlines
37:19 Thumb Ring
39:39 Bow Saw
Ostvorne
2:19 Loom
10:38 Feudal Age
12:10 Wheelbarrow
11:23 Double-Bit Axe
15:21 Man-at-Arms
16:34 Horse Collar
24:04 Stone Mining
30:57 Castle Age
32:27 Hand Cart
32:43 Pikeman
33:24 Squires
34:47 Scale Mail Armor
41:32 Bow Saw
42:52 Gold Mining
Snakett
10:31 Feudal Age
11:58 Loom
12:16 Town Watch
13:08 Double-Bit Axe
18:04 Castle Age
17:05 Forging
17:24 Gold Mining
18:54 Wheelbarrow
19:24 Bow Saw
23:54 Iron Casting
23:21 Husbandry
26:21 Scale Barding Armor
28:16 Gold Shaft Mining
28:29 Chain Barding Armor
30:57 Imperial Age
28:46 Hand Cart
29:10 Stone Mining
29:47 Squires
31:07 Cavalier
32:59 Blast Furnace
32:36 Plate Barding Armor
33:07 Treadmill Crane
33:14 Pikeman
33:56 Scale Mail Armor
33:26 Paladin
35:35 Ballistics
36:42 Conscription
35:53 Halberdier
36:37 Murder Holes
37:15 Chain Mail Armor
36:50 Fletching
40:59 Plate Mail Armor
40:25 Bodkin Arrow
40:31 Padded Archer Armor
40:39 Siege Engineers
40:38 Arson
42:30 Town Watch
ShalonPe
10:37 Feudal Age
18:53 Loom
19:44 Wheelbarrow
20:09 Horse Collar
20:17 Double-Bit Axe
23:52 Castle Age
23:40 Gold Mining
23:47 Stone Mining
28:40 Bow Saw
29:55 Heavy Plow
34:22 Imperial Age
32:47 Stone Shaft Mining
34:24 Hand Cart
33:58 Town Watch
34:39 Fletching
34:49 Padded Archer Armor
35:00 Forging
35:16 Elite Skirmisher
36:17 Leather Archer Armor
35:57 Bodkin Arrow
36:27 Conscription
37:06 Town Patrol
38:50 Ring Archer Armor
38:21 Bracer
38:57 Iron Casting
40:14 Chemistry
39:35 Ballistics
39:26 Masonry
40:39 Two-Man Saw
40:59 Scale Barding Armor
44:32 Bombard Tower
44:43 Architecture
45:16 Blast Furnace
44:37 Chain Barding Armor
Connection lost

Rejoining the realm…

Still unreachable

The connection could not be restored.

Session expired

The server has moved on; the page needs a fresh start.